 Dungeon Crawl Stone Soup version 0.24-a0-92-g7d8ec57 (console) character file.

Game seed: 3430126812765775499

536 Duffy the Changer (level 7, 52/52 HPs)
             Began as a Green Draconian Transmuter on Feb 9, 2019.
             Quit the game on level 4 of the Dungeon.
             The game lasted 00:03:02 (2188 turns).

Duffy the Changer (Green Draconian Transmuter)      Turns: 2188, Time: 00:03:03

Health: 52/52      AC:  7    Str: 13    XL:     7   Next: 4%
Magic:  7/10       EV: 12    Int: 15    God:
Gold:   48         SH:  0    Dex: 11    Spells: 4/10 levels left

rFire    . . .     SeeInvis .     - Unarmed
rCold    . . .     Gourm    .   (no shield)
rNeg     . . .     Faith    .   (armour unavailable)
rPois    +         Spirit   .   (helmet restricted)
rElec    .         Reflect  .   (no cloak)
rCorr    .         Harm     .   e - +0 pair of gloves
MR       .....                  (no boots)
Stlth    +.........             (no amulet)
HPRegen  0.17/turn              (no ring)
MPRegen  0.12/turn              (no ring)

@: no status effects
A: breathe noxious fumes, unfitting armour, poison resistance, cold-blooded, AC
+6
a: Breathe Noxious Fumes


You were on level 4 of the Dungeon.
You were not hungry.

You visited 1 branch of the dungeon, and saw 5 of its levels.

You collected 48 gold pieces.

Inventory:

Hand Weapons
 i - a cursed +0 blowgun
Missiles
 a - 34 arrows
 d - 5 tomahawks of dispersal (quivered)
Armour
 e - a +0 pair of gloves (worn)
Wands
 f - a wand of iceblast (7)
Scrolls
 h - a scroll of teleportation {unknown}
 j - a scroll of identify {unknown}
Potions
 b - 3 potions of magic {unknown}
 g - a potion of lignification {unknown}
 l - 2 potions of curing
Comestibles
 c - 2 rations
 k - 3 chunks of flesh


   Skills:
 - Level 1.1 Fighting
 + Level 2.1 Dodging
 + Level 5.1 Unarmed Combat
 - Level 2.0 Spellcasting
 - Level 6.0 Transmutations
 - Level 2.0 Poison Magic


You had 4 spell levels left.
You knew the following spells:

 Your Spells              Type           Power        Failure   Level  Hunger
h - Spider Form           Tmut/Pois      ##........   13%         3    ###....
j - Sticks to Snakes      Tmut           ###.....     2%          2    ###....
k - Beastly Appendage     Tmut           ###...       1%          1    #......

Your spell library contained the following spells:

 Spells                   Type           Power        Failure   Level  Hunger
 Ice Form                 Ice/Tmut       ##......     54%         4    #####..
 Blade Hands              Tmut           ###.......   45%         5    ######.


Dungeon Overview and Level Annotations

Branches:
Dungeon (5/15)
 Temple: D:4-7

Altars:


Innate Abilities, Weirdness & Mutations

You can breathe blasts of noxious fumes.
Your lurid green scales are hard. (AC +6)
You cannot fit into any form of body armour.
Your system is resistant to poisons. (rPois)
You are cold-blooded and may be slowed by cold attacks.


Message History

The hound is almost dead.
The hound bites you. The hound barely misses you.
You hit the hound but do no damage.
The hound looks as sick as possible!
The hound is almost dead.
You kill the hound!
Your Dodging skill increases to level 2!
You have reached level 7!
Your scales start taking on a lurid green colour.
You learn Poison Magic much quicker.
Your Poison Magic skill increases to level 2!
You can breathe blasts of noxious fumes.
You feel resistant to poisons.
Found a coppery potion.
You see here a hound corpse.
You butcher the hound corpse.
k - 3 chunks of flesh (gained 1)
You see here a hound skeleton.
Your transformation has ended.
Your +0 pair of gloves unmelds from your body.
Are you sure you want to abandon this character and quit the game? (Confirm with "yes".)

.........# #.#
#........# #.#
#........#####.#
#...[....... #.#
#%........##.#.#
#............#.#
########.........#..#.#
.................#..#.#
######..@.....##.#..#)#
#........'..#..#.#
#......(.####..#.#
#.....>..+..#..#.#
#........##.#<.#.#
###.#.......#.##.#
#.#.......#....#
#.##......#########
#.#................


There were no monsters in sight!

Vanquished Creatures
  Sigmund (D:3)
  An ogre (D:4)
  A hound (D:4)
  Ijyb (D:3)
  Jessica (D:3)
  Natasha (twice) (D:3)
  2 worker ants (D:4)
  7 gnolls
  An adder (D:3)
  An ooze (D:2)
  A worm (D:3)
  A leopard gecko (D:4)
  2 orcs
  A ball python (D:3)
  A bat (D:3)
  A giant cockroach (D:3)
  2 hobgoblins (D:1)
  3 frilled lizards
  2 goblins
  4 kobolds
36 creatures vanquished.

Notes
Turn   | Place    | Note
-------+----------+-------------------------------------------
     0 | D:1      | Duffy the Draconian Transmuter began the quest for the Orb.
     0 | D:1      | Reached XP level 1. HP: 16/16 MP: 3/3
   162 | D:2      | Reached XP level 2. HP: 11/23 MP: 5/5
   487 | D:3      | Reached XP level 3. HP: 22/28 MP: 6/6
   490 | D:3      | Reached skill level 3 in Transmutations
   701 | D:3      | Learned a level 2 spell: Sticks to Snakes
   705 | D:3      | Learned a level 3 spell: Spider Form
   738 | D:3      | Noticed Jessica
   746 | D:3      | Killed Jessica
   746 | D:3      | Reached XP level 4. HP: 35/35 MP: 7/7
   801 | D:3      | Noticed Natasha
   802 | D:3      | Noticed Sigmund
   824 | D:3      | Killed Natasha
   824 | D:3      | Reached skill level 1 in Poison Magic
   842 | D:3      | Killed Sigmund
   842 | D:3      | Reached skill level 5 in Transmutations
   842 | D:3      | Reached XP level 5. HP: 29/40 MP: 4/8
   842 | D:3      | Reached XP level 6. HP: 34/47 MP: 4/9
   975 | D:3      | Noticed Ijyb
   984 | D:3      | Noticed Natasha
   987 | D:3      | Killed Ijyb
   990 | D:3      | Killed Natasha
  2028 | D:4      | Reached skill level 6 in Transmutations
  2077 | D:5      | Entered Level 5 of the Dungeon
  2077 | D:5      | Noticed a water moccasin
  2077 | D:5      | Noticed an ice beast
  2116 | D:4      | Reached skill level 5 in Unarmed Combat
  2179 | D:4      | Your scales start taking on a lurid green colour.
  2179 | D:4      | Reached XP level 7. HP: 50/52 MP: 6/10
  2179 | D:4      | Gained mutation: Your system is resistant to poisons.
                  | (rPois) [Green Draconian growth]
  2188 | D:4      | Quit the game

Levels and vault maps discovered:
D:1:      dpeg_arrival_signposts, layout_loops_ring
D:2:      layout_basic
D:3:      layout_basic, st_stairs_4, chequers_serial_rivers_room_a,
          uniq_natasha, uniq_sigmund, uniq_ijyb, uniq_jessica
D:4:      layout_basic, kennysheep_mini, lemuel_temple_firewalk_b
D:5:      layout_basic, serial_shops, shop, first_ration,
          guppyfry_early_lair_pool, uniq_menkaure

Skill      XL: |  1  2  3  4  5  6 |
---------------+-------------------+-----
Transmutations | 3 5 6 |  6.0
Unarmed Combat | 4 5 |  5.1
Poison Magic   | 1 2 |  2.0
Dodging        | 2 |  2.1
Fighting       | |  1.1
Spellcasting   | |  2.0

Action                   |  1- 3 |  4- 6 |  7- 9 || total
-------------------------+-------+-------+-------++-------
Melee: Unarmed           |    57 |   104 |       ||   161
       Tailslap          |     6 |     3 |       ||     9
       Punch             |       |     3 |       ||     3
 Cast: Spider Form       |       |     9 |       ||     9
 Abil: End Transformatio |       |       |     1 ||     1
  Eat: Chunk             |       |     5 |       ||     5
Armor: Skin              |     7 |    22 |       ||    29
Dodge: Dodged            |    27 |    59 |       ||    86

Table legend:
 A = Non-vault XP
 B = Vault XP
 C = Vault XP percentage of total XP
 D = Non-vault monster count
 E = Vault monster count
 F = Vault count percentage of total count
                 A         B        C        D         E       F
            +---------+---------+-------+---------+---------+-------
      Total |     413 |     353 |  46.1 |      30 |       6 |  16.7
            +---------+---------+-------+---------+---------+-------
        D:1 |       4 |       0 |   0.0 |       2 |       0 |   0.0
        D:2 |      10 |       0 |   0.0 |       4 |       0 |   0.0
        D:3 |     123 |     353 |  74.2 |      15 |       6 |  28.6
        D:4 |     276 |       0 |   0.0 |       9 |       0 |   0.0
            +---------+---------+-------+---------+---------+-------
